 Dungeon Crawl Stone Soup version 0.26.0-15-gc6cd9f700b (webtiles) character file.

Game seed: 14312465649668127962

4042 trckry the Grappler (level 10, 0/72 (73) HPs)
             Began as a Grey Draconian Transmuter on Jan 15, 2021.
             Was a Follower of Wu Jian.
             Succumbed to a hornet's poison
             ... while paralysed by a hornet
             ... on level 10 of the Dungeon on Jan 16, 2021.
             The game lasted 00:27:20 (13016 turns).

trckry the Grappler (Grey Draconian Transmuter)    Turns: 13016, Time: 00:27:20

HP:   0/72 (73)     AC: 16    Str: 13    XL:     10   Next: 4%
MP:   13/13         EV:  2    Int: 17    God:    Wu Jian [*.....]
Gold: 382           SH:  0    Dex: 14    Spells: 10/14 levels left

rFire    . . .     SeeInvis .     - Unarmed
rCold    . . .     Faith    .   (no shield)
rNeg     . . .     Spirit   .   (armour unavailable)
rPois    .         Reflect  .   (helmet currently unavailable)
rElec    .         Harm     .   a - +0 cloak
rCorr    .         Rampage  .   A - +2 pair of gloves {Dex+3}
Will     +....                  (boots currently unavailable)
Stlth    +.........             t - amulet of magic regeneration
HPRegen  0.22/turn              j - ring of willpower
MPRegen  0.38/turn              (no ring)

@: paralysed, lethally poisoned (0 -> -10), appendages (expiring), wereblooded,
lightly drained
A: walk through water, unfitting armour, horns 2, talons 2, unbreathing,
cold-blooded, AC +12
a: End Transformation, Renounce Religion


You were on level 10 of the Dungeon.
You worshipped Wu Jian.
Wu Jian was aware of your devotion.
You had grown temporary horns.
You had grown temporary talons.
You visited 2 branches of the dungeon, and saw 11 of its levels.

You collected 607 gold pieces.
You spent 225 gold pieces at shops.

Inventory:

Hand Weapons
 F - a +1 dagger of venom
Missiles
 M - 5 curare-tipped darts (quivered)
Armour
 a - a +0 cloak (worn)
 s - a +0 tower shield
 A - a +2 pair of gloves of dexterity (worn)
 Q - a +0 pair of boots (melded)
Magical Staves
 x - an uncursed staff of fire {unknown}
Jewellery
 j - a ring of willpower (left hand)
 k - an uncursed ring of flight {unknown}
 q - an uncursed ring of ice {unknown}
 t - an amulet of magic regeneration (around neck)
 u - a cursed -4 ring of dexterity {unknown}
 w - the ring "Wegour" {*Slow rPois rCorr Int+6 Stlth+}
   (You took it off a gnoll on level 5 of the Dungeon)

   [ring of resist corrosion]

   It affects your intelligence (+6).
   It protects you from poison.
   It provides partial protection from all sources of acid and corrosion.
   It may slow you when you take damage.
   It makes you more stealthy.
 z - an uncursed ring of stealth {unknown}
 D - a +4 ring of protection {unknown}
 J - the cursed necklace of Bloodlust {*Rage +Rage Will++ Int-3 Slay+6 *Curse}
   (You took it off an orc priest on level 7 of the Dungeon)

   [amulet of nothing]

   It affects your intelligence (-3).
   It affects your accuracy and damage with ranged weapons and melee attacks
   (+6).
   It affects your willpower, your defense against some magical effects.
   It lets you go berserk.
   It may make you go berserk in combat.
   It curses itself when equipped.
   It has a curse placed upon it.
 K - a +4 ring of evasion {unknown}
Wands
 p - a wand of flame (37)
 y - a wand of random effects (14)
 I - a wand of polymorph (9)
 S - a wand of digging (5)
 T - a wand of disintegration (17)
Scrolls
 c - 14 scrolls of identify {unknown}
 e - 2 scrolls of fear {unknown}
 g - 3 scrolls of enchant weapon {unknown}
 h - a scroll of teleportation {unknown}
 i - a scroll of noise {unknown}
 m - 3 scrolls of amnesia {unknown}
 n - 4 scrolls of fog {unknown}
 o - 2 scrolls of blinking {unknown}
 B - 2 scrolls of enchant armour {unknown}
 C - a scroll of remove curse {unknown}
 E - 2 scrolls of brand weapon {unknown}
 G - 2 scrolls of magic mapping {unknown}
 L - a scroll of random uselessness {unknown}
 P - a scroll of immolation {unknown}
Potions
 b - a potion of invisibility {unknown}
 d - 6 potions of curing
 f - 3 potions of lignification {unknown}
 l - a potion of attraction {unknown}
 r - a potion of might {unknown}
 v - 2 potions of degeneration {unknown}
 H - 3 potions of magic {unknown}
 N - a potion of flight {unknown}
 O - a potion of mutation {unknown}
 R - a potion of brilliance {unknown}


   Skills:
 + Level 2.0 Fighting
 + Level 2.3 Dodging
 * Level 9.1 Unarmed Combat
 + Level 2.5 Spellcasting
 - Level 5.0 Translocations
 * Level 8.9 Transmutations
 - Level 5.0 Evocations


You had 10 spell levels left.
You knew the following spells:

 Your Spells              Type           Power        Failure   Level
a - Beastly Appendage     Tmut           64%          1%          1
b - Wereblood             Tmut           32%          1%          2
c - Apportation           Tloc           38%          2%          1

Your spell library contained the following spells:

 Spells                   Type           Power        Failure   Level
 Spider Form              Tmut/Pois      8%           9%          3
 Blade Hands              Tmut           16%          13%         5
 Animate Skeleton         Necr           4%           19%         1
 Corona                   Hex            2%           19%         1
 Freeze                   Ice            8%           19%         1
 Summon Small Mammal      Summ           8%           19%         1
 Ice Form                 Ice/Tmut       17%          28%         4
 Frozen Ramparts          Ice            4%           50%         3
 Ozocubu's Armour         Ice            2%           50%         3
 Hailstorm                Conj/Ice       2%           88%         4
 Summon Ice Beast         Ice/Summ       2%           88%         4


Dungeon Overview and Level Annotations

Branches:
Dungeon (10/15)            Temple (1/1) D:7             Orc (0/2) D:9
   Lair: D:8-11

Altars:
Ashenzari
Cheibriados
Dithmenos
Elyvilon
Fedhas
Gozag
Hepliaklqana
Kikubaaqudgha
Makhleb
Nemelex Xobeh
Okawaru
Qazlal
Ru
Sif Muna
Trog
Uskayaw
Vehumet
Wu Jian
Xom
Yredelemnul
Zin
The Shining One
Beogh

Shops:
D:6 [

Annotations:
D:5 diggable vaults


Innate Abilities, Weirdness & Mutations

You can walk through water.
Your dull iron-grey scales are very hard. (AC +12)
You cannot fit into any form of body armour.
You can survive without breathing.
You are cold-blooded and may be slowed by cold attacks.
You have a pair of horns on your head.
You have razor-sharp toenails.


Message History

The hornet barely misses you.
You hit the hornet but do no damage. Your kick misses the hornet.
Your tail-slap misses the hornet.
You punch the hornet.
The hornet is almost dead.
You feel sick. The hornet stings you!
* * * LOW HITPOINT WARNING * * *
You feel yourself slow down. The wight hits you but does no damage.
An ogre comes into view. It is wielding a +0 giant spiked club.
The hornet closely misses you.
You feel yourself speed up. The hornet stings you.
* * * LOW HITPOINT WARNING * * *
You are lethally poisoned!
You suddenly lose the ability to move!
The wight hits you but does no damage.
The hornet stings you but does no damage.
The wight hits you from afar with a cursed +3 trident!
* * * LOW HITPOINT WARNING * * *
You feel drained.
* * * LOW HITPOINT WARNING * * *
You die...

###+#####.#### ##
........#.... ..
......#.#..####.#
.......)#..#...
........)(.#.##
.....#.).$...#
##+ #z#.....#
#y#####.#
#@......#
#O####..# ....
#..# ...#.#. #..#
#.....#.##..# #.#
### #.... #.
.#### # .


You could see a hornet, an ogre and a wight.

Vanquished Creatures
  Joseph (D:8)
  Psyche (D:8)
  Grinder (D:6)
  2 orc warriors
  A phantom (D:5)
  2 sky beasts
  5 ogres
  3 centaurs
  A big kobold (D:7)
  4 bullfrogs
  A scorpion (D:4)
  6 killer bees (D:7)
  2 wights (D:10)
  A howler monkey (D:5)
  A crimson imp (D:4)
  A centaur zombie (D:5)
  9 orc priests
  6 hounds
  An iguana (D:4)
  A bullfrog skeleton (D:4)
  Ijyb (D:3)
  6 orc wizards
  8 worker ants
  A killer bee zombie (D:10)
  3 hound skeletons
  Robin (D:2)
  A howler monkey zombie (D:9)
  7 gnolls
  8 adders
  3 shadow imps
  3 white imps
  2 ufetubi
  An adder zombie (D:8)
  3 adder skeletons
  A worm (D:3)
  2 dart slugs (D:2)
  3 leopard geckos
  25 orcs
  3 bats
  4 giant cockroaches
  12 goblins
  11 hobgoblins
  10 jackals
  12 kobolds
  6 quokkas
  4 frilled lizards
  A jackal zombie (D:6)
  5 rats
  A spectral orc (D:8)
198 creatures vanquished.

Vanquished Creatures (others)
  2 plants (D:5)
2 creatures vanquished.

Grand Total: 200 creatures vanquished

Notes
Turn   | Place    | Note
-------+----------+-------------------------------------------
     0 | D:1      | trckry the Draconian Transmuter began the quest for the
                  | Orb.
     0 | D:1      | Reached XP level 1. HP: 16/16 MP: 3/3
   225 | D:1      | Reached XP level 2. HP: 21/23 MP: 3/5
  1100 | D:2      | Reached XP level 3. HP: 22/28 MP: 4/6
  1341 | D:2      | Noticed Robin
  1393 | D:2      | Killed Robin
  1394 | D:2      | Reached skill level 4 in Unarmed Combat
  1399 | D:2      | Reached XP level 4. HP: 6/35 MP: 7/7
  2000 | D:2      | You fall into a shaft and drop 1 floor!
  2000 | D:3      | Found an ancient bone altar of Kikubaaqudgha.
  2388 | D:3      | Noticed Grinder
  2406 | D:3      | Paralysed by Grinder for 4 turns
  2516 | D:2      | Found a broken altar of Ashenzari.
  2800 | D:2      | Learned a level 2 spell: Wereblood
  2802 | D:2      | Learned a level 1 spell: Apportation
  2889 | D:3      | Noticed Ijyb
  2907 | D:3      | Killed Ijyb
  2908 | D:3      | Reached XP level 5. HP: 25/40 MP: 8/8
  3804 | D:4      | Reached skill level 1 in Translocations
  3865 | D:4      | Reached skill level 5 in Unarmed Combat
  4183 | D:4      | Reached XP level 6. HP: 42/47 MP: 7/9
  4220 | D:4      | Reached skill level 1 in Evocations
  4556 | D:4      | HP: 3/47 [orc priest/divine providence (13)]
  5486 | D:5      | Entered Level 5 of the Dungeon
  5504 | D:4      | Reached skill level 5 in Transmutations
  5678 | D:4      | Your scales start taking on a dull iron-grey colour.
  5678 | D:4      | Reached XP level 7. HP: 33/52 MP: 8/10
  5678 | D:4      | Gained mutation: You can survive without breathing. [Grey
                  | Draconian growth]
  6141 | D:5      | Reached skill level 6 in Unarmed Combat
  6330 | D:5      | Identified the ring "Wegour" {*Slow rPois rCorr Int+6
                  | Stlth+}
  7241 | D:4      | HP: 5/52 [orc warrior/+0 flail (25)]
  7253 | D:4      | HP: 3/52 [orc warrior/+0 flail (4)]
  8325 | D:6      | Reached XP level 8. HP: 58/59 MP: 11/11
  8415 | D:6      | Killed Grinder
  8433 | D:6      | Found Yrhunifo's Antique Armour Emporium.
  8447 | D:6      | Bought a pair of runed gloves for 225 gold pieces
  8507 | D:6      | Found a white marble altar of Elyvilon.
  8546 | D:6      | Reached skill level 7 in Unarmed Combat
  9178 | D:6      | Found a white marble altar of Elyvilon.
  9178 | D:6      | Found a shimmering altar of Xom.
  9309 | D:7      | HP: 1/59 [killer bee (7)]
  9315 | D:7      | HP: 5/59 [ufetubus (4)]
  9646 | D:7      | Found a staircase to the Ecumenical Temple.
  9661 | Temple   | Entered the Ecumenical Temple
 10156 | D:7      | Reached XP level 9. HP: 54/64 MP: 12/12
 10676 | D:7      | Found an ornate altar of the Wu Jian Council.
 10730 | D:7      | Became a worshipper of the Wu Jian Council
 10809 | D:8      | Found a basalt altar of Yredelemnul.
 10925 | D:8      | Reached skill level 8 in Unarmed Combat
 10970 | D:8      | Noticed Psyche
 10979 | D:8      | Killed Psyche
 11083 | D:8      | Found a blossoming altar of Fedhas.
 11346 | D:8      | Noticed Joseph
 11363 | D:8      | Killed Joseph
 11633 | D:8      | Reached skill level 5 in Translocations
 11660 | D:9      | Found a staircase to the Orcish Mines.
 11680 | D:8      | Reached skill level 5 in Evocations
 11932 | D:9      | Reached * piety under Wu Jian
 11967 | D:9      | Reached skill level 9 in Unarmed Combat
 12440 | D:9      | Found a roughly hewn altar of Beogh.
 12979 | D:10     | Entered Level 10 of the Dungeon
 12997 | D:10     | Reached XP level 10. HP: 73/73 MP: 11/13
 13015 | D:10     | Paralysed by a hornet for 2 turns
 13015 | D:10     | HP: 4/73 [wight/cursed +3 trident (7)]
 13016 | D:10     | Succumbed to a hornet's poison

Illustrated notes

Levels and vault maps discovered:
D:1:      minmay_arrival_nine_rooms, layout_basic
D:2:      layout_loops_ring, evilmike_ruin_ashenzari,
          chequers_hall_statues_corner_a, uniq_robin
D:3:      layout_loops_corners, kiku_gazebo_pond_becter, uniq_grinder, uniq_ijyb
D:4:      layout_loops_ring, minmay_fire_ice_demons
D:5:      lemuel_ice_spiral_2, layout_rooms, serial_bayou_pond_a,
          hex_intersection, minmay_misc_feat_enclosed, lightli_corner_chamber
D:6:      layout_loops_ring, amethyst_overflow_temple_binary, serial_shops,
          nicolae_shop_competitors_out_of_business, elyvilon_altar_5
D:7:      layout_loops_ring, nzn_wu_jian_council_hall, temple_fountains
D:8:      layout_basic, yredelemnul_forgotten_temple_becter,
          fedhas_altar_fruit_tree, uniq_joseph, uniq_psyche
D:9:      layout_cave_pools, minmay_orc_entry_temple_small
D:10:     layout_basic
Temple:   lightli_temple_of_artemis

Skill      XL: |  1  2  3  4  5  6  7  8  9 10 |
---------------+-------------------------------+-----
Transmutations | 3 4 5 6 7 8 |  8.9
Unarmed Combat | 4 5 6 7 9 |  9.1
Translocations | 1 2 3 4 5 |  5.0
Evocations     | 1 2 4 5 |  5.0
Dodging        | 2 |  2.3
Fighting       | 2 |  2.0
Spellcasting   | |  2.5

Action                   |  1- 3 |  4- 6 |  7- 9 | 10-12 || total
-------------------------+-------+-------+-------+-------++-------
Melee: Unarmed           |   130 |   213 |   476 |    14 ||   833
       Kick              |    13 |    33 |    99 |     5 ||   150
       Tailslap          |    10 |    20 |    54 |       ||    84
       Headbutt          |     9 |    23 |    44 |     5 ||    81
       Punch             |     3 |     1 |     7 |     1 ||    12
Throw: Dart              |       |       |    44 |       ||    44
 Cast: Beastly Appendage |     8 |    30 |    51 |       ||    89
       Wereblood         |       |       |     4 |       ||     4
Invok: Lunge             |       |       |     7 |       ||     7
       Whirlwind         |       |       |     1 |     1 ||     2
  Use: Potion            |       |       |     3 |       ||     3
 Stab: Sleeping          |       |       |     1 |       ||     1
Armor: Skin              |    45 |    53 |   201 |     8 ||   307
Dodge: Dodged            |    81 |   104 |   282 |    20 ||   487
